Influenza vs Inferno
Created - February 28, 2021 at 19:29
Goals
|
| Influenza |
3 |
1 |
2 |
1 |
7 |
| Inferno |
1 |
3 |
2 |
0 |
6 |
|
Shots
|
| Influenza |
17 |
6 |
11 |
2 |
36 |
| Inferno |
12 |
10 |
19 |
0 |
41 |
|
1st period
1. Influenza , Lucas Lessio 18 (Neal Pionk 27, Pavel Zacha 17) at 7:15
2. Influenza , Tim Schaller 25 (Travis Konecny 24, Shane Sims 5) at 8:50
3. Inferno , Tanner Pearson 42 (Vladimir Sobotka 27, Bryan Rust 27) at 9:56 (PP)
4. Influenza , Aleksi Saarela 4 (Ryan Dzingel 11, Brett Pesce 13) at 16:08
Penalties :
Greg Pateryn (Anc) for Tripping (Minor) at 3:41, Tim Schaller (VJB) for Roughing (Minor) at 9:52, Jake DeBrusk (Anc) for Hooking (Minor) at 17:27
2nd period
5. Inferno , Philip Varone 34 (Kevin Labanc 42, David Savard 29) at 1:14 (PP)
6. Influenza , Pavel Zacha 9 (Tom Kuhnhackl 10, Lucas Lessio 11) at 12:17
7. Inferno , Bryan Rust 16 (Tanner Pearson 37, Vladimir Sobotka 28) at 12:56
8. Inferno , Evgeny Svechnikov 6 (Jake DeBrusk 19, Esa Lindell 45) at 18:23
Penalties :
Justin Bailey (VJB) for Tripping (Minor) at 0:38, Esa Lindell (Anc) for Holding (Minor) at 2:19, Colton Sissons (VJB) for Slashing (Minor) at 8:30
3rd period
9. Inferno , Esa Lindell 15 (Bryan Rust 28, Tanner Pearson 38) at 0:42 (PP)
10. Influenza , Pavel Zacha 10 (Tom Kuhnhackl 11, Lucas Lessio 12) at 1:45
11. Influenza , Tom Kuhnhackl 7 (Pavel Zacha 18) at 15:05
12. Inferno , Bryan Rust 17 (Vladimir Sobotka 29, Tanner Pearson 39) at 19:34
Penalties :
Travis Konecny (VJB) for Charging (Minor) at 0:22, Tom Kuhnhackl (VJB) for Roughing (Minor) at 16:26, Tom Kuhnhackl (VJB) for Hooking (Minor) at 19:37
Overtime #1
13. Influenza , Travis Konecny 24 (Jeff Corbett 2) at 4:49
Penalties :
No Penalty
Goalie Stats
Al Montoya (VJB), 35 saves from 41 shots - (0.854), W, 11-6-0, 64:49 minutes
Nathan Lieuwen (Anc), 14 saves from 17 shots - (0.824), OTL, 0-0-1, 31:56 minutes
Michael Hutchinson (Anc), 15 saves from 19 shots - (0.789), 32:17 minutes
Players Stats for Influenza
Player Name G A P +/- PIM S H SB GA TA FO MP PP MP PK MP
------------------------------------------------------------------------------------
Aleksi Saarela 1 0 1 1 0 1 0 0 1 0 2/2 6:35 0:00 0:00
Bo Horvat 0 0 0 -1 0 3 2 0 1 0 14/38 27:53 3:32 4:34
Brett Pesce 0 1 1 2 0 1 0 1 0 1 0/0 17:18 2:25 2:08
Colton Sissons 0 0 0 -1 2 2 3 0 0 0 7/15 17:41 2:25 0:56
Dmitry Sinitsyn 0 0 0 1 0 1 2 2 0 3 0/0 24:55 3:32 3:58
Haydn Fleury 0 0 0 0 0 1 0 1 0 1 0/0 19:36 0:00 2:59
Jaden Lindo 0 0 0 1 0 0 0 0 0 0 0/1 6:35 0:00 0:00
Jeff Corbett 0 1 1 4 0 0 1 0 0 0 0/0 10:26 0:00 0:00
Justin Bailey 0 0 0 -1 2 1 2 1 0 1 1/3 17:45 3:17 0:00
Lucas Lessio 1 2 3 5 0 4 2 0 0 0 1/1 11:11 0:15 0:04
Max Domi 0 0 0 -1 0 0 1 0 0 1 0/0 17:04 2:25 0:00
Neal Pionk 0 1 1 0 0 3 0 0 1 0 0/0 26:31 2:25 0:00
Pavel Zacha 2 2 4 4 0 3 1 0 0 0 6/12 10:08 0:00 0:42
Ryan Dzingel 0 1 1 1 0 2 1 0 1 0 0/0 8:29 0:00 1:38
Shane Sims 0 1 1 1 0 1 2 4 2 1 0/0 30:52 3:32 4:49
Tim Schaller 1 0 1 -1 2 6 5 1 1 0 1/1 27:22 3:32 3:43
Tom Kuhnhackl 1 2 3 3 4 5 0 0 0 1 0/0 11:18 0:00 0:40
Travis Konecny 1 1 2 1 2 2 4 2 0 0 3/4 20:34 2:25 0:00
Players Stats for Inferno
Player Name G A P +/- PIM S H SB GA TA FO MP PP MP PK MP
------------------------------------------------------------------------------------
Barclay Goodrow 0 0 0 0 0 2 1 1 0 0 0/0 7:26 0:00 0:00
Bryan Rust 2 2 4 -2 0 4 1 1 0 2 3/5 24:14 3:15 2:00
Colby Cohen 0 0 0 -3 0 1 0 0 0 0 0/0 14:44 0:00 2:45
David Savard 0 1 1 -1 0 2 2 1 2 1 0/0 29:07 3:21 3:39
Esa Lindell 1 1 2 0 2 2 3 3 1 1 0/0 27:58 3:21 2:23
Evgeny Svechnikov 1 0 1 -1 0 3 3 1 0 0 0/0 11:57 0:00 0:00
Frank Corrado 0 0 0 -2 0 1 0 0 0 0 0/0 12:43 0:00 0:55
Greg Pateryn 0 0 0 -1 2 0 1 1 0 2 0/0 22:12 1:59 0:00
Jake DeBrusk 0 1 1 0 2 3 0 0 1 0 0/0 12:01 0:00 0:24
Kevin Labanc 0 1 1 -1 0 3 0 1 0 0 0/0 15:15 2:05 0:55
Mathieu Brodeur 0 0 0 -1 0 2 3 2 0 0 0/0 23:34 1:59 2:12
Matthew Nieto 0 0 0 -1 0 0 0 0 1 0 0/0 15:36 2:05 0:16
Peter Cehlarik 0 0 0 0 0 3 2 0 0 0 0/0 7:26 0:00 0:00
Philip Varone 1 0 1 -1 0 2 3 2 0 0 7/10 18:25 2:05 2:13
Ryan Spooner 0 0 0 0 0 2 0 0 1 0 4/8 7:26 0:00 0:00
Tanner Pearson 1 3 4 -3 0 6 1 0 1 1 5/7 25:37 3:15 3:03
Victor Rask 0 0 0 0 0 1 1 0 1 0 3/8 12:06 0:00 0:00
Vladimir Sobotka 0 3 3 -2 0 4 3 0 1 0 20/39 25:29 3:15 3:03
3 Stars
1 - Pavel Zacha (VJB)
2 - Lucas Lessio (VJB)
3 - Bryan Rust (Anc)
Power Play
Influenza - 0 on 3 Attempt(s) - 0.00%
Inferno - 3 on 6 Attempt(s) - 50.00%
Penalty Kill
Influenza - 3 on 6 Attempt(s) - 50.00%
- Score 0 goal in Penalty Kill
Inferno - 3 on 3 Attempt(s) - 100.00%
- Score 0 goal in Penalty Kill
Team Stat
Influenza - Hits : 26 - Faceoff Wins : 35 - Blocked Shots : 12 - Penalty Minutes : 12
Inferno - Hits : 24 - Faceoff Wins : 42 - Blocked Shots : 13 - Penalty Minutes : 6
Official
Referees : Unknown
Linesman : Unknown
Game Notes
6:17 of 1st period - Influenza goal is going for a video replay. After video review, No Goal. The puck has been directed, batted or thrown into the net by an attacking player other than with a stick.
Nathan Lieuwen enters game at 12:17 of 2nd period
Finance
Level 1 -- Attendance: 1412 (70.60%) -- Ticket Income $56,480
Level 2 -- Attendance: 633 (63.30%) -- Ticket Income $12,660
Total Attendance: 2045 (68.17%)
Total Ticket Income: $69,140
Other Income: $3,457
Total Income: $72,597
Influenza
5 vs 5 Forward
Center Left Wing Right Wing Time % Phy DF OF
1 Bo Horvat Tim Schaller Travis Konecny 40 1 2 2
2 Colton Sissons Max Domi Justin Bailey 30 1 2 2
3 Pavel Zacha Lucas Lessio Tom Kuhnhackl 20 1 2 2
4 Aleksi Saarela Ryan Dzingel Jaden Lindo 10 1 2 2
5 vs 5 Defense
Defense Defense Time % Phy DF OF
1 Shane Sims Neal Pionk 40 1 2 2
2 Dmitry Sinitsyn Haydn Fleury 30 1 2 2
3 Brett Pesce Jeff Corbett 20 1 2 2
4 Shane Sims Neal Pionk 10 1 2 2
PowerPlay Forward
Center Left Wing Right Wing Time % Phy DF OF
1 Bo Horvat Tim Schaller Justin Bailey 60 1 2 2
2 Colton Sissons Max Domi Travis Konecny 40 1 2 2
PowerPlay Defense
Defense Defense Time % Phy DF OF
1 Shane Sims Dmitry Sinitsyn 60 1 2 2
2 Brett Pesce Neal Pionk 40 1 2 2
Penalty Kill 4 Players Forward
Center Wing Time % Phy DF OF
1 Bo Horvat Tim Schaller 60 1 2 2
2 Colton Sissons Ryan Dzingel 40 1 2 2
Penalty Kill 4 Players Defense
Defense Defense Time % Phy DF OF
1 Shane Sims Dmitry Sinitsyn 60 1 2 2
2 Brett Pesce Haydn Fleury 40 1 2 2
Penalty Kill - 3 Players Forward
Forward Time % Phy DF OF
1 Bo Horvat 60 1 2 2
2 Tim Schaller 40 1 2 2
Penalty Kill - 3 Players Defense
Defense Defense Time % Phy DF OF
1 Shane Sims Haydn Fleury 60 1 2 2
2 Dmitry Sinitsyn Brett Pesce 40 1 2 2
4 vs 4 Forward
Center Wing Time % Phy DF OF
1 Bo Horvat Tim Schaller 60 1 2 2
2 Colton Sissons Max Domi 40 1 2 2
4 vs 4 Defense
Defense Defense Time % Phy DF OF
1 Shane Sims Dmitry Sinitsyn 60 1 2 2
2 Brett Pesce Haydn Fleury 40 1 2 2
Last Minutes Offensive
Center Left Wing Right Wing Defense Defense
Bo Horvat Tim Schaller Justin Bailey Shane Sims Dmitry Sinitsyn
Last Minutes Defensive
Center Left Wing Right Wing Defense Defense
Bo Horvat Tim Schaller Tom Kuhnhackl Shane Sims Dmitry Sinitsyn
Goaltenders
Starting : Al Montoya
Backup : Malcolm Subban
Extra Forwards
Normal : Lucas Lessio, Travis Konecny, Tom Kuhnhackl - PP : Lucas Lessio, Travis Konecny - PK : Tom Kuhnhackl
Extra Defensemen
Normal : Brett Pesce, Neal Pionk, Dmitry Sinitsyn - PP : Brett Pesce - PK : Neal Pionk, Dmitry Sinitsyn
Penalty Shots
Bo Horvat, Tim Schaller, Max Domi, Ryan Dzingel, Colton Sissons
Scratches
Shane Prince (Healthy), Dennis Gilbert (Healthy), Henri Ikonen (Healthy), Johan Larsson (Healthy), Jakob Forsbacka-Karlsson (Healthy)
Zack MacEwen (Healthy), Radovan Bondra (Healthy), Simon Bourque (Healthy), Mitchell Moroz (Healthy), Conner Bleackley (Healthy)
Brycen Martin (Healthy), Charlie Lindgren (Healthy), Jamie Phillips (Healthy)
Inferno
5 vs 5 Forward
Center Left Wing Right Wing Time % Phy DF OF
1 Vladimir Sobotka Tanner Pearson Bryan Rust 40 1 2 2
2 Philip Varone Matthew Nieto Kevin Labanc 30 1 2 2
3 Victor Rask Jake DeBrusk Evgeny Svechnikov 20 1 2 2
4 Ryan Spooner Peter Cehlarik Barclay Goodrow 10 1 2 2
5 vs 5 Defense
Defense Defense Time % Phy DF OF
1 David Savard Esa Lindell 40 1 2 2
2 Greg Pateryn Mathieu Brodeur 30 1 2 2
3 Colby Cohen Frank Corrado 20 1 2 2
4 Greg Pateryn Mathieu Brodeur 10 1 2 2
PowerPlay Forward
Center Left Wing Right Wing Time % Phy DF OF
1 Vladimir Sobotka Tanner Pearson Bryan Rust 60 1 2 2
2 Philip Varone Matthew Nieto Kevin Labanc 40 1 2 2
PowerPlay Defense
Defense Defense Time % Phy DF OF
1 David Savard Esa Lindell 60 1 2 2
2 Greg Pateryn Mathieu Brodeur 40 1 2 2
Penalty Kill 4 Players Forward
Center Wing Time % Phy DF OF
1 Tanner Pearson Vladimir Sobotka 60 1 2 2
2 Bryan Rust Philip Varone 40 1 2 2
Penalty Kill 4 Players Defense
Defense Defense Time % Phy DF OF
1 David Savard Esa Lindell 60 1 2 2
2 Colby Cohen Mathieu Brodeur 40 1 2 2
Penalty Kill - 3 Players Forward
Forward Time % Phy DF OF
1 Tanner Pearson 60 1 2 2
2 Vladimir Sobotka 40 1 2 2
Penalty Kill - 3 Players Defense
Defense Defense Time % Phy DF OF
1 David Savard Esa Lindell 60 1 2 2
2 Colby Cohen Mathieu Brodeur 40 1 2 2
4 vs 4 Forward
Center Wing Time % Phy DF OF
1 Tanner Pearson Vladimir Sobotka 60 1 2 2
2 Bryan Rust Philip Varone 40 1 2 2
4 vs 4 Defense
Defense Defense Time % Phy DF OF
1 David Savard Esa Lindell 60 1 2 2
2 Greg Pateryn Mathieu Brodeur 40 1 2 2
Last Minutes Offensive
Center Left Wing Right Wing Defense Defense
Vladimir Sobotka Tanner Pearson Bryan Rust David Savard Esa Lindell
Last Minutes Defensive
Center Left Wing Right Wing Defense Defense
Vladimir Sobotka Tanner Pearson Bryan Rust David Savard Esa Lindell
Goaltenders
Starting : Michael Hutchinson
Backup : Nathan Lieuwen
Extra Forwards
Normal : Victor Rask, Matthew Nieto, Evgeny Svechnikov - PP : Evgeny Svechnikov, Jake DeBrusk - PK : Kevin Labanc
Extra Defensemen
Normal : Greg Pateryn, Colby Cohen, Frank Corrado - PP : Greg Pateryn - PK : Colby Cohen, Frank Corrado
Penalty Shots
Tanner Pearson, Vladimir Sobotka, Evgeny Svechnikov, Philip Varone, Matthew Nieto
Scratches
Chris Brown (Healthy), Rasmus Andersson (Healthy), Tyler Shattock (Healthy), Christian Jaros (Healthy), Trevor Carrick (Healthy)
Petteri Lindbohm (Healthy), Alexander True (Healthy), Eric Karlsson (Healthy), John Gilmour (Healthy), Ryan Donato (Healthy)
Vladislav Kamenev (Healthy), Dominik Masin (Healthy), Brandon Hickey (Healthy), Antti Raanta (Healthy), Vitek Vanecek (Healthy)
% Time on Ice - Influenza
Lines # - Real PCT - Wanted PCT - Time Play
Normal Forward
1 - 38% - 40% - 18:13
2 - 29% - 30% - 13:50
3 - 19% - 20% - 9:20
4 - 14% - 10% - 6:35
Normal Defense
1 - 39% - 40% - 18:41
2 - 35% - 30% - 16:47
3 - 21% - 20% - 10:07
4 - 5% - 10% - 2:23
PP Forward
1 - 59% - 60% - 3:32
2 - 41% - 40% - 2:25
PP Defense
1 - 59% - 60% - 3:32
2 - 41% - 40% - 2:25
PK Forward
1 - 82% - 60% - 4:23
2 - 18% - 40% - 0:57
PK Defense
1 - 67% - 60% - 3:35
2 - 33% - 40% - 1:45
PK3 Forward
1 - 73% - 60% - 1:11
2 - 27% - 40% - 0:26
PK3 Defense
1 - 76% - 60% - 1:14
2 - 24% - 40% - 0:23
44 Forward
1 - 74% - 60% - 2:23
2 - 26% - 40% - 0:49
44 Defense
1 - 56% - 60% - 1:48
2 - 44% - 40% - 1:24
Last Minute Offensive - 0:00
Last Minute Defensive - 0:45
Total
Forward - 64:49
Defense - 64:49
|
% Time on Ice - Inferno
Lines # - Real PCT - Wanted PCT - Time Play
Normal Forward
1 - 34% - 40% - 16:29
2 - 27% - 30% - 12:52
3 - 23% - 20% - 11:08
4 - 16% - 10% - 7:26
Normal Defense
1 - 41% - 40% - 19:48
2 - 29% - 30% - 14:06
3 - 22% - 20% - 10:30
4 - 7% - 10% - 3:31
PP Forward
1 - 61% - 60% - 3:15
2 - 39% - 40% - 2:05
PP Defense
1 - 63% - 60% - 3:21
2 - 37% - 40% - 1:59
PK Forward
1 - 66% - 60% - 3:57
2 - 34% - 40% - 2:00
PK Defense
1 - 65% - 60% - 3:52
2 - 35% - 40% - 2:05
PK3 Forward
1 - 0% - 60%
2 - 0% - 40%
PK3 Defense
1 - 0% - 60%
2 - 0% - 40%
44 Forward
1 - 76% - 60% - 3:39
2 - 24% - 40% - 1:10
44 Defense
1 - 65% - 60% - 3:08
2 - 35% - 40% - 1:41
Last Minute Offensive - 0:48
Last Minute Defensive - 0:00
Total
Forward - 64:49
Defense - 64:49
|
Play-by-Play
1st period
0:01 of 1st period - Vladimir Sobotka wins face-off versus Bo Horvat in neutral zone.
0:15 of 1st period - Icing by Tanner Pearson.
0:16 of 1st period - Bryan Rust wins face-off versus Colton Sissons in Inferno zone.
0:54 of 1st period - Philip Varone is hit by Pavel Zacha and loses puck.
1:11 of 1st period - Slapshot by Bo Horvat.
1:11 of 1st period - Stopped by Michael Hutchinson without a rebound.
1:12 of 1st period - Aleksi Saarela wins face-off versus Victor Rask in Inferno zone.
1:56 of 1st period - Wrist shot by Jake DeBrusk.
1:56 of 1st period - Stopped by Al Montoya without a rebound.
1:57 of 1st period - Bo Horvat wins face-off versus Ryan Spooner in Influenza zone.
2:22 of 1st period - Peter Cehlarik is hit by Lucas Lessio.
3:13 of 1st period - Wrist shot by Ryan Spooner.
3:13 of 1st period - Shot Blocked by Brett Pesce.
3:15 of 1st period - Slapshot by Colby Cohen.
3:15 of 1st period - Stopped by Al Montoya with a rebound.
3:17 of 1st period - Wrist shot by Colby Cohen.
3:17 of 1st period - Shot Misses the Net.
3:19 of 1st period - Slapshot by Peter Cehlarik.
3:19 of 1st period - Stopped by Al Montoya without a rebound.
3:20 of 1st period - Colton Sissons wins face-off versus Vladimir Sobotka in Influenza zone.
3:35 of 1st period - Snap shot by Max Domi.
3:35 of 1st period - Shot Misses the Net.
3:41 of 1st period - Minor Penalty to Greg Pateryn for Tripping.
3:42 of 1st period - Bo Horvat wins face-off versus Tanner Pearson in Inferno zone.
5:41 of 1st period - Penalty to Greg Pateryn is over, Greg Pateryn is back on ice.
5:44 of 1st period - Bryan Rust is hit by Tim Schaller and loses puck.
5:51 of 1st period - Snap shot by Bo Horvat.
5:51 of 1st period - Stopped by Michael Hutchinson with a rebound.
5:53 of 1st period - Wrist shot by Neal Pionk.
5:53 of 1st period - Shot Misses the Net.
6:03 of 1st period - Slapshot by Bo Horvat.
6:03 of 1st period - Shot Misses the Net.
6:09 of 1st period - Wrist shot by Tim Schaller.
6:09 of 1st period - Shot Blocked by Bryan Rust.
6:11 of 1st period - Wrist shot by Tim Schaller.
6:11 of 1st period - Shot Blocked by Philip Varone.
6:13 of 1st period - Slapshot by Brett Pesce.
6:13 of 1st period - Stopped by Michael Hutchinson with a rebound.
6:15 of 1st period - Slapshot by Neal Pionk.
6:15 of 1st period - Shot Misses the Net.
6:17 of 1st period - Wrist shot by Tim Schaller.
6:17 of 1st period - Influenza goal is going for a video replay.
6:17 of 1st period - The goal is refused. The puck has been directed, batted or thrown into the net by an attacking player other than with a stick..
6:18 of 1st period - Victor Rask wins face-off versus Pavel Zacha in Inferno zone.
6:24 of 1st period - Icing by Dmitry Sinitsyn.
6:25 of 1st period - Pavel Zacha wins face-off versus Victor Rask in Influenza zone.
6:36 of 1st period - Snap shot by Pavel Zacha.
6:36 of 1st period - Stopped by Michael Hutchinson with a rebound.
6:38 of 1st period - Snap shot by Lucas Lessio.
6:38 of 1st period - Stopped by Michael Hutchinson without a rebound.
6:39 of 1st period - Vladimir Sobotka wins face-off versus Pavel Zacha in Inferno zone.
6:48 of 1st period - Wrist shot by Tom Kuhnhackl.
6:48 of 1st period - Stopped by Michael Hutchinson with a rebound.
7:02 of 1st period - Philip Varone is hit by Dmitry Sinitsyn and loses puck.
7:09 of 1st period - Wrist shot by Ryan Dzingel.
7:09 of 1st period - Stopped by Michael Hutchinson without a rebound.
7:10 of 1st period - Pavel Zacha wins face-off versus Vladimir Sobotka in Inferno zone.
7:15 of 1st period - Wrist shot by Lucas Lessio.
7:15 of 1st period - Goal by Lucas Lessio - Influenza : 1 - Inferno : 0.
7:16 of 1st period - Colton Sissons wins face-off versus Vladimir Sobotka in neutral zone.
7:53 of 1st period - Icing by Bo Horvat.
7:54 of 1st period - Travis Konecny wins face-off versus Vladimir Sobotka in Influenza zone.
8:06 of 1st period - Icing by Shane Sims.
8:07 of 1st period - Bo Horvat wins face-off versus Vladimir Sobotka in Influenza zone.
8:22 of 1st period - Snap shot by Travis Konecny.
8:22 of 1st period - Shot Misses the Net.
8:50 of 1st period - Snap shot by Tim Schaller.
8:50 of 1st period - Goal by Tim Schaller - Influenza : 2 - Inferno : 0.
8:51 of 1st period - Colton Sissons wins face-off versus Vladimir Sobotka in neutral zone.
8:58 of 1st period - Snap shot by Max Domi.
8:58 of 1st period - Shot Misses the Net.
9:00 of 1st period - Wrist shot by Justin Bailey.
9:00 of 1st period - Shot Hit the Post.
9:02 of 1st period - Slapshot by Dmitry Sinitsyn.
9:02 of 1st period - Stopped by Michael Hutchinson without a rebound.
9:03 of 1st period - Colton Sissons wins face-off versus Bryan Rust in Inferno zone.
9:10 of 1st period - Snap shot by Colton Sissons.
9:10 of 1st period - Shot Misses the Net.
9:38 of 1st period - Wrist shot by Victor Rask.
9:38 of 1st period - Deflect By Evgeny Svechnikov.
9:38 of 1st period - Stopped by Al Montoya with a rebound.
9:44 of 1st period - Snap shot by Victor Rask.
9:44 of 1st period - Deflect By Jake DeBrusk.
9:44 of 1st period - Stopped by Al Montoya without a rebound.
9:45 of 1st period - Philip Varone wins face-off versus Bo Horvat in Influenza zone.
9:46 of 1st period - Snap shot by Kevin Labanc.
9:46 of 1st period - Stopped by Al Montoya without a rebound.
9:47 of 1st period - Philip Varone wins face-off versus Bo Horvat in Influenza zone.
9:50 of 1st period - Snap shot by Philip Varone.
9:50 of 1st period - Stopped by Al Montoya with a rebound.
9:52 of 1st period - Minor Penalty to Tim Schaller for Roughing.
9:53 of 1st period - Bryan Rust wins face-off versus Bo Horvat in Influenza zone.
9:54 of 1st period - Snap shot by Vladimir Sobotka.
9:54 of 1st period - Shot Blocked by Shane Sims.
9:56 of 1st period - Snap shot by Tanner Pearson.
9:56 of 1st period - Goal by Tanner Pearson - Influenza : 2 - Inferno : 1.
9:57 of 1st period - Vladimir Sobotka wins face-off versus Bo Horvat in neutral zone.
10:11 of 1st period - Wrist shot by Vladimir Sobotka.
10:11 of 1st period - Stopped by Al Montoya with a rebound.
10:46 of 1st period - Mathieu Brodeur is hit by Travis Konecny and loses puck.
10:56 of 1st period - Off-side.
10:57 of 1st period - Colton Sissons wins face-off versus Ryan Spooner in neutral zone.
11:02 of 1st period - Snap shot by Max Domi.
11:02 of 1st period - Deflect By Justin Bailey.
11:02 of 1st period - Shot Misses the Net.
11:02 of 1st period - Puck is out of play.
11:03 of 1st period - Justin Bailey wins face-off versus Ryan Spooner in Inferno zone.
11:13 of 1st period - Icing by David Savard.
11:14 of 1st period - Ryan Spooner wins face-off versus Justin Bailey in Inferno zone.
11:14 of 1st period - Ryan Spooner is hit by Colton Sissons.
11:22 of 1st period - Slapshot by David Savard.
11:22 of 1st period - Stopped by Al Montoya with a rebound.
11:24 of 1st period - Slapshot by David Savard.
11:24 of 1st period - Shot Blocked by Justin Bailey.
11:26 of 1st period - Slapshot by Ryan Spooner.
11:26 of 1st period - Stopped by Al Montoya without a rebound.
11:27 of 1st period - Vladimir Sobotka wins face-off versus Pavel Zacha in Influenza zone.
11:34 of 1st period - Snap shot by Bryan Rust.
11:34 of 1st period - Shot Misses the Net.
12:00 of 1st period - Wrist shot by Colton Sissons.
12:00 of 1st period - Stopped by Michael Hutchinson with a rebound.
12:02 of 1st period - Snap shot by Colton Sissons.
12:02 of 1st period - Shot Misses the Net.
12:06 of 1st period - Wrist shot by Justin Bailey.
12:06 of 1st period - Shot Misses the Net.
12:08 of 1st period - Snap shot by Colton Sissons.
12:08 of 1st period - Shot Blocked by Kevin Labanc.
13:02 of 1st period - Dmitry Sinitsyn is hit by Vladimir Sobotka and loses puck.
13:48 of 1st period - Wrist shot by Travis Konecny.
13:48 of 1st period - Stopped by Michael Hutchinson without a rebound.
13:49 of 1st period - Vladimir Sobotka wins face-off versus Bo Horvat in Inferno zone.
13:58 of 1st period - Shane Sims is hit by David Savard.
14:49 of 1st period - Snap shot by Philip Varone.
14:49 of 1st period - Shot Misses the Net.
15:07 of 1st period - Snap shot by Tanner Pearson.
15:07 of 1st period - Shot Misses the Net.
15:23 of 1st period - Snap shot by Evgeny Svechnikov.
15:23 of 1st period - Stopped by Al Montoya with a rebound.
15:49 of 1st period - Max Domi is hit by Mathieu Brodeur and loses puck.
16:08 of 1st period - Snap shot by Ryan Dzingel.
16:08 of 1st period - Deflect By Aleksi Saarela.
16:08 of 1st period - Goal by Aleksi Saarela - Influenza : 3 - Inferno : 1.
16:09 of 1st period - Bo Horvat wins face-off versus Vladimir Sobotka in neutral zone.
16:18 of 1st period - Wrist shot by Tim Schaller.
16:18 of 1st period - Stopped by Michael Hutchinson with a rebound.
16:20 of 1st period - Slapshot by Neal Pionk.
16:20 of 1st period - Stopped by Michael Hutchinson with a rebound.
16:22 of 1st period - Slapshot by Shane Sims.
16:22 of 1st period - Shot Misses the Net.
16:24 of 1st period - Wrist shot by Tim Schaller.
16:24 of 1st period - Stopped by Michael Hutchinson without a rebound.
16:25 of 1st period - Philip Varone wins face-off versus Colton Sissons in Inferno zone.
16:50 of 1st period - Vladimir Sobotka is hit by Shane Sims and loses puck.
17:13 of 1st period - Snap shot by Tom Kuhnhackl.
17:13 of 1st period - Shot Misses the Net.
17:27 of 1st period - Minor Penalty to Jake DeBrusk for Hooking.
17:28 of 1st period - Tanner Pearson wins face-off versus Bo Horvat in Inferno zone.
17:28 of 1st period - Tanner Pearson is hit by Dmitry Sinitsyn.
17:40 of 1st period - Dmitry Sinitsyn is hit by Tanner Pearson and loses puck.
17:47 of 1st period - Esa Lindell is hit by Tim Schaller and loses puck.
18:40 of 1st period - Colby Cohen is hit by Travis Konecny and loses puck.
19:15 of 1st period - Justin Bailey is hit by David Savard and loses puck.
19:27 of 1st period - Penalty to Jake DeBrusk is over, Jake DeBrusk is back on ice.
19:55 of 1st period - Off-side.
19:56 of 1st period - Ryan Spooner wins face-off versus Jaden Lindo in neutral zone.
Goals for this period are 3 for Influenza vs 1 for Inferno.
Shots for this period are 17 for Influenza vs 12 for Inferno.
2nd period
0:01 of 2nd period - Vladimir Sobotka wins face-off versus Bo Horvat in neutral zone.
0:16 of 2nd period - Snap shot by Vladimir Sobotka.
0:16 of 2nd period - Stopped by Al Montoya without a rebound.
0:17 of 2nd period - Philip Varone wins face-off versus Colton Sissons in Influenza zone.
0:28 of 2nd period - Wrist shot by Kevin Labanc.
0:28 of 2nd period - Shot Blocked by Shane Sims.
0:38 of 2nd period - Minor Penalty to Justin Bailey for Tripping.
0:39 of 2nd period - Vladimir Sobotka wins face-off versus Bo Horvat in Influenza zone.
1:14 of 2nd period - Snap shot by Philip Varone.
1:14 of 2nd period - Goal by Philip Varone - Influenza : 3 - Inferno : 2.
1:15 of 2nd period - Vladimir Sobotka wins face-off versus Bo Horvat in neutral zone.
1:28 of 2nd period - Snap shot by Vladimir Sobotka.
1:28 of 2nd period - Shot Misses the Net.
1:30 of 2nd period - Slapshot by Greg Pateryn.
1:30 of 2nd period - Shot Blocked by Tim Schaller.
1:32 of 2nd period - Snap shot by Vladimir Sobotka.
1:32 of 2nd period - Shot Blocked by Travis Konecny.
1:42 of 2nd period - Philip Varone is hit by Colton Sissons and loses puck.
1:48 of 2nd period - Off-side.
1:49 of 2nd period - Colton Sissons wins face-off versus Philip Varone in neutral zone.
2:19 of 2nd period - Minor Penalty to Esa Lindell for Holding.
2:20 of 2nd period - Tanner Pearson wins face-off versus Justin Bailey in Inferno zone.
2:50 of 2nd period - Philip Varone is hit by Colton Sissons.
4:19 of 2nd period - Penalty to Esa Lindell is over, Esa Lindell is back on ice.
4:38 of 2nd period - Ryan Spooner is hit by Ryan Dzingel and loses puck.
4:57 of 2nd period - Jeff Corbett is hit by Victor Rask and loses puck.
5:26 of 2nd period - Ryan Dzingel is hit by Philip Varone and loses puck.
5:39 of 2nd period - Slapshot by Ryan Spooner.
5:39 of 2nd period - Shot Misses the Net.
5:41 of 2nd period - Snap shot by Barclay Goodrow.
5:41 of 2nd period - Stopped by Al Montoya without a rebound.
5:42 of 2nd period - Ryan Spooner wins face-off versus Bo Horvat in Influenza zone.
5:43 of 2nd period - Wrist shot by Barclay Goodrow.
5:43 of 2nd period - Shot Blocked by Travis Konecny.
5:51 of 2nd period - Wrist shot by Peter Cehlarik.
5:51 of 2nd period - Deflect By Barclay Goodrow.
5:51 of 2nd period - Shot Misses the Net.
5:51 of 2nd period - Puck is out of play.
5:52 of 2nd period - Travis Konecny wins face-off versus Vladimir Sobotka in Influenza zone.
5:59 of 2nd period - Snap shot by Vladimir Sobotka.
5:59 of 2nd period - Stopped by Al Montoya with a rebound.
6:59 of 2nd period - Colby Cohen is hit by Tim Schaller and loses puck.
7:14 of 2nd period - Colby Cohen is hit by Jeff Corbett and loses puck.
7:19 of 2nd period - Wrist shot by Max Domi.
7:19 of 2nd period - Shot Misses the Net.
8:02 of 2nd period - Ryan Dzingel is hit by Esa Lindell.
8:30 of 2nd period - Minor Penalty to Colton Sissons for Slashing.
8:31 of 2nd period - Vladimir Sobotka wins face-off versus Bo Horvat in Influenza zone.
8:48 of 2nd period - Snap shot by Tanner Pearson.
8:48 of 2nd period - Shot Misses the Net.
10:30 of 2nd period - Penalty to Colton Sissons is over, Colton Sissons is back on ice.
10:40 of 2nd period - Wrist shot by Colton Sissons.
10:40 of 2nd period - Shot Hit the Post.
11:29 of 2nd period - Jeff Corbett is hit by Evgeny Svechnikov and loses puck.
12:02 of 2nd period - Kevin Labanc is hit by Tim Schaller and loses puck.
12:15 of 2nd period - Wrist shot by Lucas Lessio.
12:15 of 2nd period - Deflect By Tom Kuhnhackl.
12:15 of 2nd period - Stopped by Michael Hutchinson with a rebound.
12:17 of 2nd period - Slapshot by Pavel Zacha.
12:17 of 2nd period - Goal by Pavel Zacha - Influenza : 4 - Inferno : 2.
12:17 of 2nd period - Nathan Lieuwen enters game.
12:18 of 2nd period - Tanner Pearson wins face-off versus Bo Horvat in neutral zone.
12:54 of 2nd period - Snap shot by Tanner Pearson.
12:54 of 2nd period - Shot Misses the Net.
12:56 of 2nd period - Wrist shot by Bryan Rust.
12:56 of 2nd period - Goal by Bryan Rust - Influenza : 4 - Inferno : 3.
12:57 of 2nd period - Philip Varone wins face-off versus Colton Sissons in neutral zone.
13:32 of 2nd period - Slapshot by Travis Konecny.
13:32 of 2nd period - Shot Misses the Net.
13:34 of 2nd period - Slapshot by Shane Sims.
13:34 of 2nd period - Stopped by Nathan Lieuwen without a rebound.
13:35 of 2nd period - Pavel Zacha wins face-off versus Philip Varone in Inferno zone.
14:08 of 2nd period - Tim Schaller is hit by Bryan Rust and loses puck.
14:43 of 2nd period - Wrist shot by David Savard.
14:43 of 2nd period - Stopped by Al Montoya with a rebound.
14:45 of 2nd period - Slapshot by Esa Lindell.
14:45 of 2nd period - Deflect By Ryan Spooner.
14:45 of 2nd period - Shot Misses the Net.
14:45 of 2nd period - Puck is out of play.
14:46 of 2nd period - Aleksi Saarela wins face-off versus Ryan Spooner in Influenza zone.
15:01 of 2nd period - Snap shot by Ryan Dzingel.
15:01 of 2nd period - Stopped by Nathan Lieuwen without a rebound.
15:02 of 2nd period - Bo Horvat wins face-off versus Vladimir Sobotka in Inferno zone.
15:15 of 2nd period - Snap shot by Tanner Pearson.
15:15 of 2nd period - Stopped by Al Montoya with a rebound.
15:17 of 2nd period - Wrist shot by Bryan Rust.
15:17 of 2nd period - Shot Misses the Net.
15:19 of 2nd period - Snap shot by Bryan Rust.
15:19 of 2nd period - Stopped by Al Montoya without a rebound.
15:20 of 2nd period - Philip Varone wins face-off versus Colton Sissons in Influenza zone.
15:27 of 2nd period - Snap shot by Kevin Labanc.
15:27 of 2nd period - Shot Misses the Net.
15:30 of 2nd period - Icing by Dmitry Sinitsyn.
15:31 of 2nd period - Colton Sissons wins face-off versus Vladimir Sobotka in Influenza zone.
15:31 of 2nd period - Colton Sissons is hit by Greg Pateryn.
16:08 of 2nd period - Off-side.
16:09 of 2nd period - Vladimir Sobotka wins face-off versus Bo Horvat in neutral zone.
16:14 of 2nd period - Wrist shot by Esa Lindell.
16:14 of 2nd period - Shot Misses the Net.
16:20 of 2nd period - Snap shot by Neal Pionk.
16:20 of 2nd period - Stopped by Nathan Lieuwen without a rebound.
16:21 of 2nd period - Vladimir Sobotka wins face-off versus Bo Horvat in Inferno zone.
17:08 of 2nd period - Snap shot by Colton Sissons.
17:08 of 2nd period - Stopped by Nathan Lieuwen without a rebound.
17:09 of 2nd period - Victor Rask wins face-off versus Colton Sissons in Inferno zone.
17:36 of 2nd period - Dmitry Sinitsyn is hit by Evgeny Svechnikov and loses puck.
18:21 of 2nd period - Slapshot by Esa Lindell.
18:21 of 2nd period - Stopped by Al Montoya with a rebound.
18:23 of 2nd period - Snap shot by Jake DeBrusk.
18:23 of 2nd period - Deflect By Evgeny Svechnikov.
18:23 of 2nd period - Goal by Evgeny Svechnikov - Influenza : 4 - Inferno : 4.
18:24 of 2nd period - Bo Horvat wins face-off versus Vladimir Sobotka in neutral zone.
19:11 of 2nd period - Brett Pesce is hit by Peter Cehlarik and loses puck.
19:49 of 2nd period - Bo Horvat is hit by Vladimir Sobotka and loses puck.
Goals for this period are 1 for Influenza vs 3 for Inferno.
Shots for this period are 6 for Influenza vs 10 for Inferno.
3rd period
0:01 of 3rd period - Bryan Rust wins face-off versus Travis Konecny in neutral zone.
0:01 of 3rd period - Tanner Pearson is hit by Shane Sims and loses puck.
0:06 of 3rd period - Snap shot by Vladimir Sobotka.
0:06 of 3rd period - Shot Blocked by Shane Sims.
0:10 of 3rd period - Snap shot by Vladimir Sobotka.
0:10 of 3rd period - Shot Misses the Net.
0:12 of 3rd period - Backhand shot by Vladimir Sobotka.
0:12 of 3rd period - Shot Misses the Net.
0:14 of 3rd period - Slapshot by Mathieu Brodeur.
0:14 of 3rd period - Stopped by Al Montoya with a rebound.
0:16 of 3rd period - Wrist shot by Bryan Rust.
0:16 of 3rd period - Shot Misses the Net.
0:22 of 3rd period - Minor Penalty to Travis Konecny for Charging.
0:23 of 3rd period - Bo Horvat wins face-off versus Vladimir Sobotka in Influenza zone.
0:34 of 3rd period - Wrist shot by Tanner Pearson.
0:34 of 3rd period - Stopped by Al Montoya without a rebound.
0:35 of 3rd period - Vladimir Sobotka wins face-off versus Bo Horvat in Influenza zone.
0:36 of 3rd period - Snap shot by Tanner Pearson.
0:36 of 3rd period - Shot Misses the Net.
0:38 of 3rd period - Wrist shot by Bryan Rust.
0:38 of 3rd period - Shot Misses the Net.
0:40 of 3rd period - Slapshot by Esa Lindell.
0:40 of 3rd period - Shot Blocked by Shane Sims.
0:42 of 3rd period - Slapshot by Esa Lindell.
0:42 of 3rd period - Goal by Esa Lindell - Influenza : 4 - Inferno : 5.
0:43 of 3rd period - Vladimir Sobotka wins face-off versus Bo Horvat in neutral zone.
1:33 of 3rd period - Snap shot by Bo Horvat.
1:33 of 3rd period - Shot Blocked by Evgeny Svechnikov.
1:35 of 3rd period - Slapshot by Neal Pionk.
1:35 of 3rd period - Stopped by Nathan Lieuwen without a rebound.
1:36 of 3rd period - Lucas Lessio wins face-off versus Tanner Pearson in Inferno zone.
1:37 of 3rd period - Snap shot by Tom Kuhnhackl.
1:37 of 3rd period - Shot Blocked by Esa Lindell.
1:39 of 3rd period - Wrist shot by Lucas Lessio.
1:39 of 3rd period - Shot Misses the Net.
1:41 of 3rd period - Snap shot by Lucas Lessio.
1:41 of 3rd period - Stopped by Nathan Lieuwen with a rebound.
1:43 of 3rd period - Wrist shot by Tom Kuhnhackl.
1:43 of 3rd period - Shot Blocked by Esa Lindell.
1:45 of 3rd period - Snap shot by Pavel Zacha.
1:45 of 3rd period - Goal by Pavel Zacha - Influenza : 5 - Inferno : 5.
1:46 of 3rd period - Pavel Zacha wins face-off versus Vladimir Sobotka in neutral zone.
1:49 of 3rd period - Slapshot by Neal Pionk.
1:49 of 3rd period - Shot Blocked by Mathieu Brodeur.
2:11 of 3rd period - Shane Sims is hit by Philip Varone and loses puck.
2:42 of 3rd period - Slapshot by Max Domi.
2:42 of 3rd period - Shot Blocked by David Savard.
2:44 of 3rd period - Snap shot by Justin Bailey.
2:44 of 3rd period - Stopped by Nathan Lieuwen with a rebound.
3:38 of 3rd period - Wrist shot by Kevin Labanc.
3:38 of 3rd period - Stopped by Al Montoya without a rebound.
3:39 of 3rd period - Travis Konecny wins face-off versus Philip Varone in Influenza zone.
4:18 of 3rd period - Colby Cohen is hit by Travis Konecny and loses puck.
5:05 of 3rd period - Greg Pateryn is hit by Tim Schaller and loses puck.
5:32 of 3rd period - Snap shot by Tim Schaller.
5:32 of 3rd period - Deflect By Bo Horvat.
5:32 of 3rd period - Stopped by Nathan Lieuwen without a rebound.
5:33 of 3rd period - Vladimir Sobotka wins face-off versus Colton Sissons in Inferno zone.
5:37 of 3rd period - Off-side.
5:38 of 3rd period - Vladimir Sobotka wins face-off versus Colton Sissons in neutral zone.
5:57 of 3rd period - Tanner Pearson is hit by Justin Bailey and loses puck.
6:04 of 3rd period - Vladimir Sobotka is hit by Max Domi and loses puck.
6:11 of 3rd period - Snap shot by Esa Lindell.
6:11 of 3rd period - Deflect By Bryan Rust.
6:11 of 3rd period - Shot Misses the Net.
6:11 of 3rd period - Puck is out of play.
6:12 of 3rd period - Victor Rask wins face-off versus Pavel Zacha in Influenza zone.
6:15 of 3rd period - Wrist shot by Victor Rask.
6:15 of 3rd period - Stopped by Al Montoya with a rebound.
6:38 of 3rd period - Jeff Corbett is hit by Peter Cehlarik.
6:45 of 3rd period - Jeff Corbett is hit by Barclay Goodrow and loses puck.
9:23 of 3rd period - Slapshot by Victor Rask.
9:23 of 3rd period - Shot Misses the Net.
9:49 of 3rd period - Haydn Fleury is hit by Esa Lindell and loses puck.
10:26 of 3rd period - Wrist shot by Lucas Lessio.
10:26 of 3rd period - Deflect By Philip Varone.
10:26 of 3rd period - Stopped by Nathan Lieuwen with a rebound.
10:30 of 3rd period - Snap shot by Tom Kuhnhackl.
10:30 of 3rd period - Stopped by Nathan Lieuwen with a rebound.
10:32 of 3rd period - Snap shot by Dmitry Sinitsyn.
10:32 of 3rd period - Shot Blocked by Philip Varone.
10:34 of 3rd period - Snap shot by Haydn Fleury.
10:34 of 3rd period - Stopped by Nathan Lieuwen without a rebound.
10:35 of 3rd period - Bo Horvat wins face-off versus Vladimir Sobotka in Inferno zone.
11:27 of 3rd period - Backhand shot by Peter Cehlarik.
11:27 of 3rd period - Stopped by Al Montoya with a rebound.
11:29 of 3rd period - Slapshot by Mathieu Brodeur.
11:29 of 3rd period - Shot Misses the Net.
11:31 of 3rd period - Wrist shot by Ryan Spooner.
11:31 of 3rd period - Shot Misses the Net.
11:33 of 3rd period - Snap shot by Ryan Spooner.
11:33 of 3rd period - Deflect By Peter Cehlarik.
11:33 of 3rd period - Shot Misses the Net.
11:33 of 3rd period - Puck is out of play.
11:34 of 3rd period - Vladimir Sobotka wins face-off versus Bo Horvat in Influenza zone.
11:37 of 3rd period - Snap shot by Bryan Rust.
11:37 of 3rd period - Shot Misses the Net.
11:39 of 3rd period - Wrist shot by Tanner Pearson.
11:39 of 3rd period - Stopped by Al Montoya without a rebound.
11:40 of 3rd period - Bo Horvat wins face-off versus Vladimir Sobotka in Influenza zone.
11:49 of 3rd period - Wrist shot by Tim Schaller.
11:49 of 3rd period - Stopped by Nathan Lieuwen without a rebound.
11:50 of 3rd period - Vladimir Sobotka wins face-off versus Bo Horvat in Inferno zone.
13:03 of 3rd period - Dmitry Sinitsyn is hit by Mathieu Brodeur.
13:05 of 3rd period - Slapshot by Tom Kuhnhackl.
13:05 of 3rd period - Shot Blocked by Barclay Goodrow.
13:07 of 3rd period - Wrist shot by Tom Kuhnhackl.
13:07 of 3rd period - Stopped by Nathan Lieuwen without a rebound.
13:08 of 3rd period - Ryan Spooner wins face-off versus Pavel Zacha in Inferno zone.
13:19 of 3rd period - Wrist shot by Ryan Spooner.
13:19 of 3rd period - Deflect By Peter Cehlarik.
13:19 of 3rd period - Stopped by Al Montoya with a rebound.
13:21 of 3rd period - Wrist shot by Barclay Goodrow.
13:21 of 3rd period - Stopped by Al Montoya with a rebound.
13:23 of 3rd period - Snap shot by Peter Cehlarik.
13:23 of 3rd period - Deflect By Ryan Spooner.
13:23 of 3rd period - Stopped by Al Montoya without a rebound.
13:24 of 3rd period - Bo Horvat wins face-off versus Vladimir Sobotka in Influenza zone.
13:24 of 3rd period - Bo Horvat is hit by Mathieu Brodeur.
13:36 of 3rd period - Snap shot by Travis Konecny.
13:36 of 3rd period - Shot Misses the Net.
13:38 of 3rd period - Slapshot by Shane Sims.
13:38 of 3rd period - Shot Blocked by Greg Pateryn.
13:40 of 3rd period - Snap shot by Bo Horvat.
13:40 of 3rd period - Shot Misses the Net.
14:15 of 3rd period - Snap shot by Jake DeBrusk.
14:15 of 3rd period - Stopped by Al Montoya without a rebound.
14:16 of 3rd period - Bo Horvat wins face-off versus Victor Rask in Influenza zone.
14:16 of 3rd period - Bo Horvat is hit by Evgeny Svechnikov.
14:26 of 3rd period - Snap shot by Travis Konecny.
14:26 of 3rd period - Deflect By Esa Lindell.
14:26 of 3rd period - Shot Misses the Net.
14:26 of 3rd period - Puck is out of play.
14:27 of 3rd period - Bo Horvat wins face-off versus Vladimir Sobotka in Inferno zone.
14:34 of 3rd period - Snap shot by Travis Konecny.
14:34 of 3rd period - Shot Blocked by Esa Lindell.
14:59 of 3rd period - Esa Lindell is hit by Bo Horvat and loses puck.
15:03 of 3rd period - Icing by Victor Rask.
15:04 of 3rd period - Pavel Zacha wins face-off versus Victor Rask in Inferno zone.
15:05 of 3rd period - Wrist shot by Tom Kuhnhackl.
15:05 of 3rd period - Goal by Tom Kuhnhackl - Influenza : 6 - Inferno : 5.
15:06 of 3rd period - Vladimir Sobotka wins face-off versus Pavel Zacha in neutral zone.
15:09 of 3rd period - Slapshot by Mathieu Brodeur.
15:09 of 3rd period - Stopped by Al Montoya with a rebound.
15:42 of 3rd period - Wrist shot by Victor Rask.
15:42 of 3rd period - Shot Misses the Net.
15:44 of 3rd period - Slapshot by Evgeny Svechnikov.
15:44 of 3rd period - Shot Blocked by Haydn Fleury.
15:56 of 3rd period - Esa Lindell is hit by Justin Bailey and loses puck.
16:07 of 3rd period - Max Domi is hit by Philip Varone.
16:26 of 3rd period - Minor Penalty to Tom Kuhnhackl for Roughing.
16:27 of 3rd period - Bo Horvat wins face-off versus Vladimir Sobotka in Influenza zone.
17:02 of 3rd period - Bo Horvat is hit by Esa Lindell and loses puck.
17:07 of 3rd period - Snap shot by Kevin Labanc.
17:07 of 3rd period - Stopped by Al Montoya without a rebound.
17:08 of 3rd period - Philip Varone wins face-off versus Bo Horvat in Influenza zone.
18:26 of 3rd period - Penalty to Tom Kuhnhackl is over, Tom Kuhnhackl is back on ice.
18:53 of 3rd period - Tim Schaller is hit by Vladimir Sobotka.
18:58 of 3rd period - Inferno, Nathan Lieuwen is pulled from the net.
19:00 of 3rd period - Wrist shot by Bryan Rust.
19:00 of 3rd period - Stopped by Al Montoya with a rebound.
19:02 of 3rd period - Slapshot by Frank Corrado.
19:02 of 3rd period - Deflect By Neal Pionk.
19:02 of 3rd period - Stopped by Al Montoya with a rebound.
19:16 of 3rd period - Snap shot by Tanner Pearson.
19:16 of 3rd period - Stopped by Al Montoya with a rebound.
19:18 of 3rd period - Snap shot by Colby Cohen.
19:18 of 3rd period - Shot Misses the Net.
19:20 of 3rd period - Wrist shot by Tanner Pearson.
19:20 of 3rd period - Stopped by Al Montoya without a rebound.
19:21 of 3rd period - Dan Bylsma call a timeout for Inferno.
19:21 of 3rd period - Vladimir Sobotka wins face-off versus Bo Horvat in Influenza zone.
19:34 of 3rd period - Snap shot by Vladimir Sobotka.
19:34 of 3rd period - Deflect By Bryan Rust.
19:34 of 3rd period - Goal by Bryan Rust - Influenza : 6 - Inferno : 6.
19:34 of 3rd period - Nathan Lieuwen from Inferno was sent back in the game.
19:35 of 3rd period - Pavel Zacha wins face-off versus Victor Rask in neutral zone.
19:37 of 3rd period - Minor Penalty to Tom Kuhnhackl for Hooking.
19:38 of 3rd period - Vladimir Sobotka wins face-off versus Bo Horvat in Influenza zone.
19:44 of 3rd period - Snap shot by Vladimir Sobotka.
19:44 of 3rd period - Stopped by Al Montoya without a rebound.
19:45 of 3rd period - Bo Horvat wins face-off versus Vladimir Sobotka in Influenza zone.
Goals for this period are 2 for Influenza vs 2 for Inferno.
Shots for this period are 11 for Influenza vs 19 for Inferno.
Overtime #1
0:01 of 1st overtime period - Tanner Pearson wins face-off versus Bo Horvat in neutral zone.
0:03 of 1st overtime period - Off-side.
0:04 of 1st overtime period - Tanner Pearson wins face-off versus Bo Horvat in neutral zone.
0:25 of 1st overtime period - Esa Lindell is hit by Bo Horvat.
0:48 of 1st overtime period - Off-side.
0:49 of 1st overtime period - Tim Schaller wins face-off versus Bryan Rust in neutral zone.
0:54 of 1st overtime period - Snap shot by Tim Schaller.
0:54 of 1st overtime period - Stopped by Nathan Lieuwen with a rebound.
1:37 of 1st overtime period - Penalty to Tom Kuhnhackl is over, Tom Kuhnhackl is back on ice.
1:51 of 1st overtime period - Philip Varone is hit by Lucas Lessio and loses puck.
2:51 of 1st overtime period - Snap shot by Travis Konecny.
2:51 of 1st overtime period - Shot Blocked by Mathieu Brodeur.
2:57 of 1st overtime period - Snap shot by Greg Pateryn.
2:57 of 1st overtime period - Shot Blocked by Dmitry Sinitsyn.
3:17 of 1st overtime period - Snap shot by Tom Kuhnhackl.
3:17 of 1st overtime period - Shot Misses the Net.
3:29 of 1st overtime period - Slapshot by Colby Cohen.
3:29 of 1st overtime period - Shot Blocked by Dmitry Sinitsyn.
4:44 of 1st overtime period - Colby Cohen is hit by Travis Konecny and loses puck.
4:49 of 1st overtime period - Snap shot by Travis Konecny.
4:49 of 1st overtime period - Deflect By Colby Cohen.
4:49 of 1st overtime period - Goal by Travis Konecny - Influenza : 7 - Inferno : 6.
Goals for this period are 1 for Influenza vs 0 for Inferno.
Shots for this period are 2 for Influenza vs 0 for Inferno.